 Dungeon Crawl Stone Soup version 0.27-a0-286-g37e0bc138e (webtiles) character file.

Game seed: 18225248356331446485

1395 KristoblXynda the Covert (level 8, -6/60 HPs)
             Began as a Spriggan Berserker on Feb 8, 2021.
             Was a Priest of Trog.
             Killed from afar by a steam dragon (19 damage)
             ... with a ball of steam
             ... on level 7 of the Dungeon.
             The game lasted 00:11:43 (11131 turns).

KristoblXynda the Covert (Spriggan Berserker)      Turns: 11131, Time: 00:11:43

Health: -6/60      AC:  4    Str: 14    XL:     8   Next: 41%
Magic:  9/9        EV: 22    Int:  9    God:    Trog [***...]
Gold:   499        SH:  0    Dex: 15    Spells: 7/7 levels left

rFire    . . .     SeeInvis +   i - +0 dagger
rCold    . . .     Faith    .   (shield restricted)
rNeg     . . .     Spirit   .   b - +1 animal skin
rPois    .         Reflect  .   o - +1 hat
rElec    .         Harm     .   (no cloak)
rCorr    +         Rampage  .   (gloves unavailable)
Will     ++...                  (boots unavailable)
Stlth    ..........             (no amulet)
HPRegen  0.20/turn              r - ring of willpower
MPRegen  0.11/turn              y - ring of resist corrosion

@: berserking, very quick
A: very small, unfitting armour, see invisible, speed 3
a: Renounce Religion, Berserk, Trog's Hand


You were on level 7 of the Dungeon.
You worshipped Trog.
Trog was most pleased with you.
You visited 2 branches of the dungeon, and saw 8 of its levels.

You collected 499 gold pieces.

Inventory:

Hand Weapons
 i - a +0 dagger (weapon)
Missiles
 C - a throwing net (quivered)
Armour
 b - a +1 animal skin (worn)
 o - a +1 hat (worn)
Jewellery
 r - a ring of willpower (left hand)
 s - an uncursed ring of ice
 x - an uncursed ring of protection from fire
 y - a ring of resist corrosion (right hand)
Wands
 a - a wand of mindburst (20)
 z - a wand of acid (7)
Scrolls
 c - 4 scrolls of enchant armour
 d - 2 scrolls of fear
 f - 3 scrolls of remove curse
 h - 2 scrolls of noise {unknown}
 j - a scroll of amnesia {unknown}
 q - 3 scrolls of enchant weapon
 u - 5 scrolls of teleportation {unknown}
 B - a scroll of identify
Potions
 e - 2 potions of resistance
 g - a potion of flight {unknown}
 k - 6 potions of brilliance
 l - 3 potions of magic
 n - 2 potions of cancellation
 p - 3 potions of ambrosia
 t - 2 potions of might {unknown}
 v - 5 potions of curing
 w - a potion of haste {unknown}
 A - a potion of berserk rage {unknown}


   Skills:
 + Level 3.3 Fighting
 + Level 6.6 Short Blades
 + Level 1.0 Armour
 + Level 8.0 Dodging
 + Level 8.0 Stealth
 + Level 4.6 Evocations


You had 7 spell levels left.
You didn't know any spells.
Your spell library was empty.

Dungeon Overview and Level Annotations

Branches:
Dungeon (7/15)             Temple (1/1) D:4

Altars:
Ashenzari
Cheibriados
Dithmenos
Elyvilon
Fedhas
Gozag
Hepliaklqana
Kikubaaqudgha
Makhleb
Nemelex Xobeh
Qazlal
Ru
Sif Muna
Trog
Uskayaw
Vehumet
Wu Jian
Xom
Yredelemnul
Zin
The Shining One

Shops:
D:4 (


Innate Abilities, Weirdness & Mutations

You are very small and have problems with some larger weapons.
You are too small for most types of armour.
You have supernaturally acute eyesight. (SInv)
You cover ground extremely quickly.


Message History

You are engulfed in a cloud of scalding steam.
The steam dragon bites you! The steam dragon closely misses you.
You hit the steam dragon but do no damage.
The steam dragon is severely wounded.
You are engulfed in a cloud of scalding steam.
The steam dragon completely misses you. The steam dragon claws you.
* * * LOW HITPOINT WARNING * * *
You barely miss the steam dragon.
The steam dragon is severely wounded.
You are engulfed in a cloud of scalding steam.
* * * LOW HITPOINT WARNING * * *
You barely miss the steam dragon.
The steam dragon is severely wounded.
You are engulfed in a cloud of scalding steam.
* * * LOW HITPOINT WARNING * * *
The fungus is engulfed in a cloud of scalding steam.
The fungus begins to die.
The steam dragon breathes steam at you. The ball of steam hits you!!
You die...

##... ##.... ##### #.....
##≈.≈### #..... ##P≈..^P#
#..... #P≈....≈## #.....
#########P...$.≈P# #.....
#......##.DD(..PP# #.....
#......# #§@§..P# ##....
#......####§§§§^# ##...
#.........##≈.≈## ####
#......##.##^§P#
######†##..#≈.P# ## #
#.#####^..############. ##
#.# ###P.P#............
.##
###.###.#..P#########....
..#
##.......#≈.##.......)..##


You could see 2 steam dragons.

Vanquished Creatures
  4 ogres
  A phantom (D:7)
  3 bullfrogs
  A scorpion (D:5)
  3 hounds
  A jelly (D:7)
  An orc priest (D:5)
  A gnoll shaman (D:4)
  A bullfrog skeleton (D:5)
  3 iguanas (D:4)
  Ijyb (D:4)
  3 worker ants
  10 gnolls
  11 adders
  4 white imps
  2 ufetubi
  3 oozes
  3 adder skeletons
  A worm (D:2)
  2 dart slugs
  3 leopard geckos
  10 orcs
  7 bats
  3 giant cockroaches
  4 goblins
  3 hobgoblins
  12 jackals
  2 kobolds (D:1)
  A quokka (D:2)
  A ball python (D:5)
  6 frilled lizards
  A leopard gecko skeleton (D:6)
  A leopard gecko zombie (D:5)
  10 rats
  A spectral orc (D:6)
124 creatures vanquished.

Notes
Turn   | Place    | Note
-------+----------+-------------------------------------------
     0 | D:1      | KristoblXynda the Spriggan Berserker began the quest for
                  | the Orb.
     0 | D:1      | Reached XP level 1. HP: 11/11 MP: 2/2
   190 | D:1      | Reached skill level 1 in Stealth
   255 | D:1      | Reached XP level 2. HP: 16/16 MP: 3/3
  1242 | D:2      | Found a blossoming altar of Fedhas.
  1317 | D:2      | Reached XP level 3. HP: 19/19 MP: 4/4
  1317 | D:2      | Reached ** piety under Trog
  1387 | D:2      | Found a radiant altar of Vehumet.
  2140 | D:2      | Reached XP level 4. HP: 22/23 MP: 5/5
  2929 | D:3      | Reached skill level 5 in Dodging
  3753 | D:4      | Found a white marble altar of Elyvilon.
  3766 | D:4      | Found Herren's Weapon Shoppe.
  3850 | D:4      | Reached XP level 5. HP: 28/28 MP: 6/6
  3943 | D:4      | Noticed Ijyb
  3958 | D:4      | Killed Ijyb
  4992 | D:4      | Reached XP level 6. HP: 22/32 MP: 7/7
  5106 | D:4      | Found a staircase to the Ecumenical Temple.
  5496 | D:4      | Found a glowing golden altar of the Shining One.
  5497 | D:4      | Found a snail-covered altar of Cheibriados.
  5593 | Temple   | Entered the Ecumenical Temple
  5867 | D:5      | Entered Level 5 of the Dungeon
  5905 | D:5      | Reached skill level 5 in Stealth
  5946 | D:5      | Reached skill level 5 in Short Blades
  6496 | D:5      | Reached skill level 1 in Evocations
  6735 | D:5      | Reached XP level 7. HP: 33/36 MP: 8/8
  6777 | D:5      | Reached *** piety under Trog
  8880 | D:6      | Found a basalt altar of Yredelemnul.
  9258 | D:6      | Reached XP level 8. HP: 40/40 MP: 9/9
  9847 | D:7      | Found a broken altar of Ashenzari.
 10686 | D:7      | Reached skill level 1 in Armour
 11131 | D:7      | Killed from afar by a steam dragon

Illustrated notes

Levels and vault maps discovered:
D:1:      heliophobic_arrival_henge, layout_basic
D:2:      minmay_evil_eye, layout_loops_ring, lemuel_doored_altar,
          vehumet_crystals
D:3:      layout_loops_ring
D:4:      layout_cave_pools, gammafunk_temple_overflow_statue,
          minmay_temple_entry_grid, serial_shops, shop, elyvilon_altar_5,
          uniq_ijyb
D:5:      minmay_spotlight, layout_basic
D:6:      layout_loops_ring, yredelemnul_forgotten_temple_becter
D:7:      kennysheep_steamy, layout_rooms, lemuel_crystal_altar
Temple:   regret_index_temple_generic_petals

Skill      XL: |  1  2  3  4  5  6  7  8 |
---------------+-------------------------+-----
Stealth        | 1 2 3 4 5 7 8 |  8.0
Fighting       | 3 |  3.3
Short Blades   | 4 5 6 |  6.6
Dodging        | 5 6 7 8 |  8.0
Evocations     | 1 4 |  4.6
Armour         | 1 |  1.0

Action                   |  1- 3 |  4- 6 |  7- 9 || total
-------------------------+-------+-------+-------++-------
Melee: Short sword       |    53 |       |       ||    53
       Dagger            |    91 |   331 |   435 ||   857
Invok: Berserk           |     2 |    10 |    10 ||    22
Evoke: Wand              |     2 |       |     2 ||     4
  Use: Scroll            |       |     6 |     4 ||    10
 Stab: Sleeping          |     2 |     9 |     6 ||    17
       Held in net/web   |       |       |     1 ||     1
Armor: Animal skin       |     8 |    14 |    42 ||    64
Dodge: Dodged            |   105 |   212 |   366 ||   683

Table legend: (Time is in decaauts)
 A = Elapsed time spent in this place.
 B = Non-inter-level travel time spent in this place.
 C = Inter-level travel time spent in this place.
 D = Time resting spent in this place.
 E = Time spent auto-exploring this place.
 F = Levels seen in this place.
 G = Mean time per level.
                   A        B        C        D        E       F      G
               +--------+--------+--------+--------+--------+-----+--------+
         Total |   9299 |   9174 |    125 |   4993 |   2905 |   8 | 1162.4 |
       Dungeon |   9139 |   9023 |    116 |   4993 |   2756 |   7 | 1305.6 |
        Temple |    159 |    151 |      8 |      0 |    149 |   1 |  159.0 |
               +--------+--------+--------+--------+--------+-----+--------+

Top non-repeatable levels by time:
     D:4: 1863 daAuts
     D:6: 1660 daAuts
     D:7: 1605 daAuts
     D:1: 1071 daAuts
     D:5: 1058 daAuts
     D:3: 941 daAuts
     D:2: 938 daAuts
  Temple: 159 daAuts
